 Dungeon Crawl Stone Soup version 0.28.0-45-g0d030f2227 (webtiles) character file.

Game seed: 5414598610215536632

159 terff the Skirmisher (level 5, -1/41 HPs)
             Began as a Demonspawn Fighter on Apr 9, 2022.
             Was an Initiate of Okawaru.
             Killed from afar by an orc wizard (4 damage)
             ... with a magic dart
             ... on level 4 of the Dungeon.
             The game lasted 00:05:11 (3368 turns).

terff the Skirmisher (Demonspawn Fighter)           Turns: 3368, Time: 00:05:12

Health: -1/41      AC:  9    Str: 17    XL:     5   Next: 17%
Magic:  5/5        EV:  7    Int:  9    God:    Okawaru [......]
Gold:   90         SH:  0    Dex: 14    Spells: 4/4 levels left

rFire   . . .      SeeInvis .   a - +0 war axe
rCold   . . .      Faith    .   c - +0 buckler
rNeg    . . .      Spirit   .   i - +0 chain mail
rPois   .          Reflect  .   (helmet restricted)
rElec   .          Harm     .   (no cloak)
rCorr   .          Rampage  .   (no gloves)
Will    .....                   (no boots)
Stlth   ..........              (no amulet)
HPRegen 0.13/turn               (no ring)
MPRegen 0.09/turn               (no ring)

@: confused, about to teleport
A: horns 1, powered by pain 3
a: Renounce Religion


You were on level 4 of the Dungeon.
You worshipped Okawaru.
Okawaru was noncommittal.
You visited 2 branches of the dungeon, and saw 5 of its levels.

You collected 90 gold pieces.

Inventory:

Hand Weapons
 a - a +0 war axe (weapon)
Armour
 b - a +0 scale mail
 c - a +0 buckler (worn)
 i - a +0 chain mail (worn)
Jewellery
 e - a ring of protection from fire
Scrolls
 g - a scroll of identify
 h - a scroll of noise {unknown}
Potions
 d - a potion of might
 f - 3 potions of brilliance
 k - a potion of heal wounds {unknown}


   Skills:
 + Level 3.5 Fighting
 + Level 3.3 Axes
 + Level 3.5 Armour
 + Level 1.0 Dodging
 + Level 0.1 Stealth
 + Level 3.1 Shields


You had 4 spell levels left.
You didn't know any spells.
Your spell library contained the following spells:

 Spells                   Type           Power      Damage    Failure   Level
 Foxfire                  Conj/Fire      0%         2x1d4     100%        1
 Slow                     Hex            0%         N/A       100%        1
 Corpse Rot               Necr/Air       0%         N/A       100%        2
 Confusing Touch          Hex            0%         N/A       100%        3
 Conjure Flame            Conj/Fire      0%         6-21      100%        3
 Inner Flame              Hex/Fire       0%         N/A       100%        3
 Vampiric Draining        Necr           0%         2d6       100%        3
 Dispel Undead            Necr           0%         3d6       100%        4
 Flame Wave               Conj/Fire      0%         2d4       100%        4
 Death Channel            Necr           Unusable   N/A       N/A         6

Dungeon Overview and Level Annotations

Branches:
Dungeon (4/15)             Temple (1/1) D:4

Altars:
Ashenzari
Dithmenos
Hepliaklqana
Kikubaaqudgha
Makhleb
Okawaru
Sif Muna
Uskayaw
Yredelemnul
Zin


Innate Abilities, Weirdness & Mutations

You have a pair of small horns on your head.
You are powered by pain.


Message History

You feel less confused.
The quokka bites you but does no damage.
Something hits you.
The orc wizard hits you with a +0 dagger.
The orc hits you with a +0 club.
The orc hits you from afar with a +0 trident.
You barely miss the quokka.
The quokka is severely wounded.
You hit the orc wizard. You hit the orc but do no damage. You miss something.
The quokka bites you.
* * * LOW HITPOINT WARNING * * *
You hear some strange, mumbled words.
A puff of flame appears from out of thin air!
The puff of flame hits you.
* * * LOW HITPOINT WARNING * * *
The orc hits you from afar with a +0 trident.
* * * LOW HITPOINT WARNING * * *
The quokka bites you but does no damage.
The orc hits you with a +0 club.
* * * LOW HITPOINT WARNING * * *
You hear some strange, mumbled words.
Something tries to affect you, but you resist.
The orc hits you from afar with a +0 trident.
* * * LOW HITPOINT WARNING * * *
The orc wizard barely misses you.
As you read the scroll of teleportation, it crumbles to dust.
You feel strangely unstable. The quokka barely misses you.
An adder comes into view.
You hear some strange, mumbled words.
You are confused.
The orc wizard gestures wildly while chanting.
The orc wizard flickers and vanishes!
You bump into the stone wall.
The adder hisses angrily.
The quokka bites you but does no damage.
The orc hits you but does no damage.
You hear some strange, mumbled words.
A magic dart appears from out of thin air!
The magic dart hits you.
You die...

#. #...... ..##.##### #
#...... .......). )###......
..8..#..###. #....... .
....##.... #....... ... ##
#.#..##..####.###.## ....##.
##.##..##............
#...)##.o{##....S..#...####
#..8....or@..8..#.##.......
.......##.o{##)...#.##.<#####
....##. ##.##..##.#.##.......
... ## #.#..##..#......#### .
....# ..#####..# ..8.. ...#
...# ....... ...# ..##
#######.. ... #...


You could see an adder, 3 orcs and a quokka.

Vanquished Creatures
  An orc priest (Temple)
  Natasha (thrice) (D:3)
  An adder (D:2)
  A worm (D:2)
  4 orcs (D:4)
  4 endoplasms
  2 giant cockroaches
  5 goblins
  7 hobgoblins
  3 ball pythons
  A bat (D:1)
  7 kobolds
  2 rats
41 creatures vanquished.

Notes
Turn   | Place    | Note
-------+----------+-------------------------------------------
     0 | D:1      | terff the Demonspawn Fighter began the quest for the Orb.
     0 | D:1      | Reached XP level 1. HP: 18/18 MP: 1/1
   380 | D:1      | Gained mutation: You sometimes gain a little power by
                  | taking damage. [demonic ancestry]
   380 | D:1      | Reached XP level 2. HP: 24/24 MP: 2/2
  1152 | D:2      | Gained mutation: You sometimes gain power by taking damage.
                  | [demonic ancestry]
  1152 | D:2      | Reached XP level 3. HP: 29/29 MP: 3/3
  1601 | D:3      | Found a faded altar of an unknown god.
  1603 | D:3      | Noticed Natasha
  1612 | D:3      | Killed Natasha
  1613 | D:3      | Reached skill level 1 in Dodging
  1840 | D:3      | Noticed Natasha
  1863 | D:3      | Killed Natasha
  1864 | D:3      | Gained mutation: You are powered by pain. [demonic
                  | ancestry]
  1864 | D:3      | Reached XP level 4. HP: 13/35 MP: 4/4
  2163 | D:3      | Noticed Natasha
  2179 | D:3      | Killed Natasha
  2803 | D:4      | Found a staircase to the Ecumenical Temple.
  2833 | Temple   | Entered the Ecumenical Temple
  2839 | Temple   | Gained mutation: You have a pair of small horns on your
                  | head. [demonic ancestry]
  2839 | Temple   | Reached XP level 5. HP: 4/41 MP: 5/5
  3317 | Temple   | Became a worshipper of Warmaster Okawaru
  3365 | D:4      | HP: 2/41 [orc/+0 trident (1)]
  3368 | D:4      | Killed from afar by an orc wizard

Illustrated notes

Levels and vault maps discovered:
D:1:      elethiomel_arrival_quiet, layout_basic
D:2:      layout_loops_ring, kennysheep_generic_room_8
D:3:      layout_rooms, chequers_ecumenical_altar_simple, uniq_natasha
D:4:      layout_basic, pdpol_wu_jian_five_deadly_venoms,
          minmay_temple_entry_waves
Temple:   mainiacjoe_temple_big_plus

Skill      XL: |  1  2  3  4 |
---------------+-------------+-----
Axes           | 2 3 |  3.3
Armour         | 3 |  3.5
Dodging        | 1 |  1.0
Shields        | 3 |  3.1
Fighting       | |  3.5
Stealth        | |  0.1

Action                   |  1- 3 |  4- 6 || total
-------------------------+-------+-------++-------
Melee: War axe           |   108 |    70 ||   178
       Headbutt          |       |     2 ||     2
  Use: Scroll            |     4 |     1 ||     5
       Potion            |     1 |       ||     1
Armor: Scale mail        |    21 |       ||    21
       Chain mail        |    44 |    58 ||   102
Dodge: Dodged            |    38 |    37 ||    75
Block: Buckler           |    29 |    21 ||    50
